 Dungeon Crawl Stone Soup version 0.21.0-3-g78d12a8 (webtiles) character file.

92 grindst0ne the Skirmisher (level 4, 0/39 HPs)
             Began as a Demonspawn Chaos Knight on Jan 12, 2018.
             Slain by an orc wizard
             ... wielding a +1 dagger of holy wrath
              (2 damage)
             ... on level 2 of the Dungeon.
             The game lasted 00:02:18 (1646 turns).

grindst0ne the Skirmisher (Demonspawn Chaos Knight) Turns: 1646, Time: 00:02:19

Health: 0/39       AC:  3    Str: 11    XL:     4   Next: 35%
Magic:  4/4        EV: 11    Int: 13    God:    Xom [......]
Gold:   88         SH:  0    Dex: 13    Spells: 3/3 levels left

rFire    . . .     SeeInvis .   a - +0 hand axe (chaos)
rCold    . . .     Gourm    .   (no shield)
rNeg     . . .     Faith    .   b - +2 leather armour
rPois    .         Spirit   .   (helmet restricted)
rElec    .         Reflect  .   (no cloak)
rCorr    .         Harm     .   (no gloves)
MR       .....                  (no boots)
Stlth    ++........             (no amulet)
HPRegen  0.13/turn              (no ring)
MPRegen  0.09/turn              (no ring)

@: no status effects
A: antennae 1, deformed body, nightstalker 1, weak 1
a: Renounce Religion


You were on level 2 of the Dungeon.
You worshipped Xom.
You were a very special plaything of Xom.
You were not hungry.

You visited 1 branch of the dungeon, and saw 3 of its levels.

You collected 88 gold pieces.

Inventory:

Hand Weapons
 a - a +0 hand axe of chaos (weapon)
Armour
 b - a +2 leather armour (worn)
Jewellery
 e - a cursed amulet of inaccuracy {unknown}
Scrolls
 h - a scroll of identify {unknown}
 i - a scroll of remove curse {unknown}
 k - a scroll of enchant weapon {unknown}
Potions
 d - a potion of cancellation {unknown}
 g - a potion of curing {unknown}
 j - a potion of haste {unknown}
Comestibles
 c - 5 rations
 f - 4 chunks of flesh


   Skills:
 + Level 5.2 Fighting
 - Level 2.6 Axes
 - Level 1.7 Armour
 - Level 0.8 Dodging


You had 3 spell levels left.
You didn't know any spells.

Dungeon Overview and Level Annotations

Branches:
Dungeon (3/15)

Altars:


Innate Abilities, Weirdness & Mutations

You have a pair of small antennae on your head.
You are slightly more attuned to the shadows.
Armour fits poorly on your strangely shaped body.
You are weak. (Str -2)


Message History

There is a stone staircase leading down here.
You closely miss the orc wizard. You hit the orc but do no damage.
The orc is moving more slowly.
The orc wizard barely misses you. The orc barely misses you.
The orc hits you but does no damage. The orc hits you.
* * * LOW HITPOINT WARNING * * *
The orc stops moving altogether!
The orc wizard mumbles some strange words.
The orc wizard seems to speed up.
You barely miss the orc wizard.
Xom makes a sudden noise!
You hear the wailing of sirens.
The orc wizard hits you but does no damage.
You closely miss the orc wizard. "Time to have some fun!"
The orc wizard hits you with a dagger of holy wrath.
* * * LOW HITPOINT WARNING * * *
You convulse.
You die...
Xom titters!

####..(.###...............#.#
.....###........#.........#.#
####..#.###..####.........#.#
#.#.## #..# #.........#.#
####.#.# #..####...........#
.....#.# #...............###
..<....# ##.####.........#
######## #.####.5.o.....#
#....@o...>....#
################


You could see an iron imp, an orc wizard and an orc (petrified).

Vanquished Creatures
  3 adders (D:2)
  A worm (D:2)
  A dart slug (D:1)
  4 orcs
  9 bats
  A giant cockroach (D:1)
  9 goblins
  2 hobgoblins (D:2)
  2 jackals (D:1)
  A quokka (D:2)
  2 ball pythons
  3 frilled lizards (D:2)
  8 kobolds
  4 rats
  A plant (D:1)
51 creatures vanquished.

Vanquished Creatures (collateral kills)
  A dart slug (D:1)
  A giant cockroach (D:1)
  A kobold (D:1)
  2 bushes (D:1)
5 creatures vanquished.

Grand Total: 56 creatures vanquished

Notes
Turn   | Place    | Note
-------+----------+-------------------------------------------
     0 | D:1      | grindst0ne the Demonspawn Chaos Knight began the quest for the Orb.
     0 | D:1      | Reached XP level 1. HP: 18/18 MP: 1/1
    94 | D:1      | Gained mutation: You are slightly more attuned to the shadows. [demonic ancestry]
    94 | D:1      | Reached XP level 2. HP: 24/24 MP: 2/2
   431 | D:1      | Reached skill level 4 in Fighting
   441 | D:1      | XOM: cast spell 'Cause Fear'
   562 | D:1      | Reached XP level 3. HP: 29/30 MP: 3/3
   864 | D:2      | XOM: divination: magic mapping
   995 | D:2      | XOM: god gift: 25 gold pieces
  1239 | D:2      | XOM: give mutations
  1239 | D:2      | Gained mutation: You are weak. (Str -2) [Xom's mischief]
  1239 | D:2      | Gained mutation: You are dopey. (Int -2) [Xom's mischief]
  1239 | D:2      | Gained mutation: Armour fits poorly on your strangely shaped body. [Xom's mischief]
  1239 | D:2      | Lost mutation: You are dopey. (Int -2) [Xom's mischief]
  1299 | D:2      | Gained mutation: You have a pair of small antennae on your head. [demonic ancestry]
  1299 | D:2      | Reached XP level 4. HP: 37/38 MP: 4/4
  1360 | D:2      | Reached skill level 5 in Fighting
  1634 | D:3      | XOM: summons friendly white imp
  1645 | D:2      | XOM: noise
  1646 | D:2      | XOM: summons 1 hostile demon
  1646 | D:2      | Slain by an orc wizard

Skill      XL: |  1  2  3  4 |
---------------+-------------+-----
Fighting       | 4 5 |  5.2
Axes           | |  2.6
Armour         | |  1.7
Dodging        | |  0.8

Action                   |  1- 3 |  4- 6 || total
-------------------------+-------+-------++-------
Melee: Hand axe          |   155 |    30 ||   185
 Stab: Sleeping          |     9 |     4 ||    13
  Eat: Chunk             |     2 |     1 ||     3
Armor: Leather armour    |    44 |    11 ||    55
Dodge: Dodged            |    73 |    15 ||    88
